 Dungeon Crawl Stone Soup version 0.29.1-14-g9c671dbff4 (webtiles) character file.

Game seed: 17238433598251589348

619 Peloso the Slasher (level 7, -1/61 HPs)
             Began as a Minotaur Fighter on Feb 14, 2023.
             Slain by a gnoll
             ... wielding a +0 flail
             ... led by a gnoll sergeant
              (7 damage)
             ... on level 5 of the Dungeon.
             The game lasted 00:07:04 (4362 turns).

Peloso the Slasher (Minotaur Fighter)               Turns: 4362, Time: 00:07:05

Health: -1/61      AC: 14    Str: 21    XL:     7   Next: 21%
Magic:  6/6        EV:  6    Int:  5    God:
Gold:   256        SH:  5    Dex: 11    Spells: 6/6 levels left

rFire   . . .      SeeInvis .   a - +0 long sword
rCold   . . .      Faith    .   d - +0 buckler
rNeg    . . .      Spirit   .   f - +0 plate armour
rPois   .          Reflect  .   k - +2 hat
rElec   .          Harm     .   (no cloak)
rCorr   .          Rampage  .   (no gloves)
Will    +....                   (no boots)
Stlth   ..........              (no amulet)
HPRegen 0.20/turn               q - ring of willpower
MPRegen 0.10/turn               (no ring)

@: no status effects
A: horns 2, retaliatory headbutt
a: no special abilities


You were on level 5 of the Dungeon.
You visited 1 branch of the dungeon, and saw 5 of its levels.

You collected 319 gold pieces.
You spent 63 gold pieces at shops.

Inventory:

Hand Weapons
 a - a +0 long sword (weapon)
Armour
 b - a +0 scale mail
 c - a +0 chain mail
 d - a +0 buckler (worn)
 f - a +0 plate armour (worn)
 k - a +2 hat (worn)
Jewellery
 q - a ring of willpower (left hand)
Wands
 s - a wand of polymorph (8)
 x - a wand of mindburst (6)
Scrolls
 h - 3 scrolls of magic mapping
 i - 4 scrolls of identify
 j - a scroll of torment {unknown}
 l - 2 scrolls of amnesia {unknown}
 m - a scroll of noise {unknown}
 o - a scroll of vulnerability {unknown}
 p - a scroll of blinking {unknown}
 t - 2 scrolls of enchant armour {unknown}
 w - a scroll of fear {unknown}
 y - a scroll of teleportation
 A - a scroll of brand weapon {unknown}
Potions
 e - 2 potions of might
 g - a potion of haste
 n - a potion of resistance
 r - a potion of berserk rage {unknown}
 v - a potion of mutation {unknown}
 z - a potion of curing {unknown}


   Skills:
 + Level 5.0 Fighting
 + Level 6.4 Long Blades
 + Level 6.1 Armour
 + Level 1.2 Dodging
 + Level 0.2 Stealth
 + Level 4.4 Shields
 + Level 0.3 Unarmed Combat
 + Level 0.9 Evocations


You had 6 spell levels left.
You didn't know any spells.
Your spell library contained the following spells:

 Spells                   Type           Power      Damage    Failure   Level
 Summon Small Mammal      Summ           0%         N/A       100%        1
 Call Canine Familiar     Summ           0%         N/A       100%        3
 Summon Guardian Golem    Hex/Summ       0%         N/A       100%        3


Dungeon Overview and Level Annotations

Branches:
Dungeon (5/15)
 Temple: D:4-7

Altars:
Gozag
Kikubaaqudgha
Makhleb
Trog
Zin

Shops:
D:4 [(:*(

Annotations:
D:3 1 transporter, vvl's ghost, amateur OpEE
D:4 3 runed translucent doors, H0rd4k's ghost, amateur OpAr
D:5 3 runed translucent doors


Innate Abilities, Weirdness & Mutations

You have a pair of horns on your head.
You reflexively headbutt those who attack you in melee.


Message History

Your headbutt misses the gnoll sergeant.
The gnoll sergeant is severely wounded.
The gnoll sergeant barely misses you.
You hit the gnoll sergeant.
The gnoll sergeant is severely wounded.
The gnoll sergeant closely misses you. You furiously retaliate!
You headbutt the gnoll sergeant, but do no damage.
You closely miss the gnoll sergeant.
The gnoll sergeant is severely wounded.
The gnoll sergeant hits you with a +4 trident of flaming!
The gnoll sergeant burns you.
The gnoll sergeant hits you with a +4 trident of flaming!
* * * LOW HITPOINT WARNING * * *
The gnoll sergeant burns you.
* * * LOW HITPOINT WARNING * * *
You closely miss the gnoll sergeant.
The gnoll sergeant is severely wounded.
You block the gnoll sergeant's attack.
You slash the gnoll sergeant!
You kill the gnoll sergeant!
Your Fighting skill increases to level 5!
You closely miss the gnoll. You headbutt the gnoll!
The gnoll is almost dead.
You block the gnoll's attack.
You hit the gnoll but do no damage.
The gnoll is almost dead.
The gnoll hits you but does no damage.
You barely miss the gnoll.
The gnoll is almost dead.
The gnoll hits you with a +0 whip.
* * * LOW HITPOINT WARNING * * *
You barely miss the gnoll.
The gnoll is almost dead.
The gnoll barely misses you.
You hit the gnoll.
You kill the gnoll!
You hit the gnoll.
The gnoll is moderately wounded.
The gnoll hits you with a +0 flail!
You die...

#.######
#......#
######.### #...#
...###.##
.....##..##
.......##..#
........##.#
........#@#
♣......#g#
♣......#.#
♣......'.# .
♣......'.# ..
♣...g..###
...♣♣♣♣♣♣......#
...............#
......†.......##


You could see a gnoll.

Vanquished Creatures
  Duvessa (D:4)
  A necrophage (D:5)
  A scorpion (D:5)
  A gnoll sergeant (D:5)
  Dowan (D:4)
  A hound (D:4)
  Natasha (thrice) (D:4)
  3 gnolls
  5 adders
  A shadow imp (D:4)
  2 ufetubi (D:5)
  2 worms
  A dart slug (D:5)
  6 orcs
  6 ball pythons
  5 bats
  5 endoplasms
  5 giant cockroaches
  3 goblins (D:3)
  9 hobgoblins
  2 jackals (D:3)
  6 kobolds
  10 quokkas
  5 frilled lizards
  3 rats
88 creatures vanquished.

Notes
Turn   | Place    | Note
-------+----------+-------------------------------------------
     0 | D:1      | Peloso the Minotaur Fighter began the quest for the Orb.
     0 | D:1      | Reached XP level 1. HP: 19/19 MP: 0/0
   173 | D:1      | Reached XP level 2. HP: 27/27 MP: 1/1
   296 | D:1      | Reached XP level 3. HP: 20/33 MP: 2/2
  1478 | D:2      | Found a faded altar of an unknown god.
  1859 | D:2      | Reached XP level 4. HP: 40/40 MP: 3/3
  2060 | D:3      | Reached skill level 5 in Armour
  2142 | D:3      | Found a transporter.
  2147 | D:3      | Noticed vvl's ghost (amateur OpEE)
  2149 | D:3      | Noticed an ogre
  2758 | D:3      | Found a burning altar of Makhleb.
  2758 | D:3      | Noticed a green death
  2765 | D:3      | Found a glowing silver altar of Zin.
  2765 | D:3      | Noticed an angel
  2821 | D:3      | Found a bloodstained altar of Trog.
  3164 | D:4      | Reached XP level 5. HP: 39/46 MP: 4/4
  3206 | D:4      | Found Yrulao's Weapon Shoppe.
  3255 | D:4      | Found an ancient bone altar of Kikubaaqudgha.
  3325 | D:4      | Found Nulym's Assorted Antiques.
  3342 | D:4      | Bought a brown potion for 20 gold pieces
  3342 | D:4      | Bought a sedimented black potion for 20 gold pieces
  3342 | D:4      | Bought a scroll labelled KUTEPAOVELAQ for 23 gold pieces
  3364 | D:4      | Found Ajamuogo's Armour Emporium.
  3375 | D:4      | Found Mesabyc's Antique Weapon Boutique.
  3403 | D:4      | Found Ilaren's Book Shoppe.
  3421 | D:4      | Noticed Duvessa
  3422 | D:4      | Noticed Dowan
  3444 | D:4      | Killed Duvessa
  3445 | D:4      | Reached skill level 5 in Long Blades
  3647 | D:4      | Found a runed translucent gate.
  3648 | D:4      | Found a runed translucent gate.
  3649 | D:4      | Found a runed translucent gate.
  3649 | D:4      | Found an opulent altar of Gozag.
  3668 | D:4      | Noticed a centaur
  3669 | D:4      | Noticed H0rd4k's ghost (amateur OpAr)
  3790 | D:4      | Noticed Natasha
  3793 | D:4      | Killed Natasha
  3794 | D:4      | Reached XP level 6. HP: 53/53 MP: 5/5
  3825 | D:4      | Killed Dowan
  3841 | D:4      | Noticed Natasha
  3852 | D:4      | Killed Natasha
  3885 | D:4      | Noticed Natasha
  3893 | D:4      | Killed Natasha
  4152 | D:5      | Entered Level 5 of the Dungeon
  4199 | D:5      | Found a runed translucent gate.
  4199 | D:5      | Found a runed translucent gate.
  4199 | D:5      | Found a runed translucent gate.
  4212 | D:5      | Reached skill level 1 in Dodging
  4327 | D:5      | Reached XP level 7. HP: 39/60 MP: 6/6
  4345 | D:5      | HP: 3/60 [gnoll sergeant/+4 trident of flaming (4)]
  4357 | D:5      | Reached skill level 5 in Fighting
  4362 | D:5      | Slain by a gnoll

Illustrated notes

Levels and vault maps discovered:
D:1:      dpeg_arrival_lava_temple_mockup, layout_rooms, serial_curves,
          eino_curves_02, eino_curves_03, serial_park_tiny_pond,
          minmay_tree_intersection, minmay_tall_x
D:2:      layout_basic, hellmonk_ecumenical_altar_inner_sanctum, kennysheep_nub,
          roderic_lattice_a, dk_noncrumbling_2
D:3:      layout_loops_cross, grunt_temple_overflow_order_and_chaos_2,
          mainiacjoe_overflow_boulevard, gammafunk_ghost_smash,
          kennysheep_potato
D:4:      layout_cave_pools, lemuel_doored_altar, serial_shops, shop, shop,
          nicolae_shop_waterfront, nicolae_shop_statue_plus, shop_coins,
          ebering_ghost_gozag, dk_noncrumbling_4, minmay_pentomino_pile,
          uniq_duvessa, uniq_natasha
D:5:      layout_rooms, ebering_ghost_rock_garden, kennysheep_big_empty_room

Skill      XL: |  1  2  3  4  5  6  7 |
---------------+----------------------+-----
Armour         | 4 5 6 |  6.1
Long Blades    | 3 4 5 6 |  6.4
Fighting       | 4 5 |  5.0
Shields        | 4 |  4.4
Dodging        | 1 |  1.2
Stealth        | |  0.2
Unarmed Combat | |  0.3
Evocations     | |  0.9

Action                   |  1- 3 |  4- 6 |  7- 9 || total
-------------------------+-------+-------+-------++-------
Melee: Long sword        |   113 |   148 |    18 ||   279
       Headbutt          |    17 |    21 |     1 ||    39
       Unarmed           |       |     5 |       ||     5
Evoke: Wand              |       |     6 |       ||     6
  Use: Scroll            |     4 |     2 |       ||     6
       Potion            |       |       |     2 ||     2
Armor: Scale mail        |    45 |       |       ||    45
       Plate armour      |    14 |    87 |     3 ||   104
       Chain mail        |    11 |       |       ||    11
       Skin              |       |     2 |       ||     2
Dodge: Dodged            |    60 |    56 |     4 ||   120
Block: Buckler           |    32 |    33 |     2 ||    67
